Map: Ephemeron LE

Players

starkiller - Winner!

  • Race: Zerg Zerg
  • Spawn Location: 5:00

Asuna

  • Race: Protoss Protoss
  • Spawn Location: 11:00

VOD

Have the link to the VOD?

Description

Time

  • Played on: Sept. 6, 2019, 4:12 p.m.
  • Length: 12:39
Show
View Real Time Build Order
Export as new Build Order

starkiller Zerg - Winner!

Build Orders: Pool First 

Get SALT Encoding   

  12  0:17  Spawning Pool  
  11  0:21  Drone  
  11  0:26  Drone  
  13  0:31  Drone  
  14  0:38  Overlord  
  14  1:03  Zergling x2  
  14  1:04  Zergling x2  
  16  1:05  Zergling x2  
  17  1:25  Drone, Queen  
  20  1:34  Hatchery  
  20  1:37  Drone  
  20  1:39  Drone  
  21  1:48  Overlord  
  21  1:58  Drone  
  22  2:11  Drone  
  23  2:17  Queen  
  23  2:22  Drone  
  26  2:37  Zergling x2  
  26  2:41  Zergling x2  
  28  2:47  Drone  
  28  2:50  Queen  
  28  2:51  Drone x3  
  34  2:53  Queen  
  34  2:57  Overlord  
  36  3:06  Overlord  
  36  3:09  Overlord  
  36  3:16  Zergling x4  
  36  3:20  Zergling x6  
  36  3:23  Zergling x2  
  36  3:28  Drone  
  36  3:34  Spore Crawler  
  35  3:44  Drone x2  
  37  3:50  Drone  
  37  3:53  Drone  
  37  3:55  Drone  
  40  3:57  Drone  
  40  4:01  Extractor  
  40  4:02  Extractor  
  39  4:06  Overlord  
  39  4:08  Drone  
  40  4:13  Drone  
  40  4:14  Drone  
  40  4:15  Drone  
  43  4:18  Drone  
  43  4:21  Drone  
  43  4:22  Drone  
  46  4:27  Drone x2  
  49  4:31  Drone  
  49  4:33  Drone  
  48  4:50  Evolution Chamber, Roach Warren  
  48  4:51  Drone, Lair  
  47  4:53  Drone  
  47  4:56  Drone  
  47  4:57  Drone x2  
  51  5:08  Drone x4  
  51  5:10  Extractor  
  51  5:12  Overlord  
  54  5:16  Zerg Missile Weapons Level 1  
  54  5:18  Overlord  
  54  5:29  Roach x2  
  54  5:31  Overlord  
  54  5:32  Roach x2  
  62  5:36  Roach  
  62  5:39  Roach x2  
  68  5:46  Roach x2  
  66  5:57  Roach  
  66  5:58  Roach x3  
  67  6:05  Roach  
  67  6:11  Roach x2  
  65  6:28  Drone x6  
  65  6:30  Drone  
  70  6:40  Drone x2  
  72  6:50  Drone  
  72  6:53  Glial Reconstitution  
  73  6:57  Drone x2  
  73  6:58  Hatchery  
  74  7:05  Drone x4  
  74  7:08  Drone  
  79  7:11  Extractor, Drone  
  79  7:15  Overlord  
  79  7:16  Roach  
  81  7:24  Overlord  
  81  7:26  Overlord  
  81  7:27  Roach  
  83  7:33  Roach x2  
  83  7:35  Roach  
  83  7:36  Overlord  
  89  7:41  Ravager  
  89  7:42  Ravager x2  
  89  7:43  Ravager  
  93  7:46  Roach  
  93  7:47  Roach  
  93  7:48  Roach  
  99  7:52  Roach  
  99  7:53  Roach  
  103  7:59  Roach x2  
  103  8:00  Roach  
  103  8:03  Roach  
  103  8:05  Roach  
  113  8:08  Roach  
  113  8:10  Roach  
  117  8:13  Roach  
  117  8:16  Overlord  
  117  8:18  Roach  
  121  8:40  Roach x4  
  125  8:59  Roach  
  125  9:00  Roach x3  
  111  9:05  Drone  
  75  9:32  Roach  
  75  9:33  Roach x3  
  75  9:38  Hatchery  
  41  9:53  Roach  
  37  10:12  Queen  
  37  10:19  Drone x4  
  27  10:46  Drone x4  
  31  11:02  Roach  
  29  11:14  Roach  
  31  11:25  Roach  
  29  11:55  Drone  
  29  11:59  Ravager x2  
  32  12:13  Roach  
Show
View Real Time Build Order
Export as new Build Order

Asuna Protoss 

Build Orders:  

Get SALT Encoding   

  12  0:00  Probe  
  13  0:13  Probe  
  14  0:20  Pylon  
  14  0:25  Probe  
  15  0:35  Probe  
  15  0:39  Gateway  
  16  0:43  Probe  
  16  0:48  Assimilator  
  17  0:52  Probe  
  18  1:04  Probe  
  19  1:16  Probe  
  19  1:17  Gateway  
  20  1:19  Pylon  
  20  1:20  Zealot  
  20  1:28  Pylon  
  22  1:34  Cybernetics Core  
  22  1:36  Probe  
  22  1:43  Zealot  
  22  1:48  Probe  
  25  2:00  Pylon  
  25  2:01  Probe  
  26  2:08  Adept  
  26  2:13  Assimilator  
  26  2:14  Adept  
  28  2:20  Warp Gate  
  30  2:24  Probe  
  31  2:36  Probe  
  32  2:37  Stalker  
  34  2:48  Probe  
  35  3:00  Probe  
  36  3:09  Nexus  
  36  3:17  Probe  
  33  3:29  Probe  
  34  3:34  Pylon  
  34  3:37  Adept x2  
  36  3:41  Probe  
  36  3:44  Twilight Council  
  35  3:54  Shield Battery  
  35  3:57  Probe  
  35  4:02  Gateway  
  36  4:09  Probe  
  37  4:10  Resonating Glaives  
  37  4:16  Sentry x2  
  41  4:18  Probe  
  41  4:20  Probe  
  42  4:26  Probe  
  42  4:28  Probe  
  44  4:35  Probe  
  46  4:41  Adept  
  46  4:43  Probe, Adept  
  51  4:49  Pylon  
  51  4:51  Probe  
  52  4:55  Robotics Facility  
  52  5:00  Adept  
  52  5:02  Adept  
  52  5:03  Adept  
  58  5:08  Pylon  
  58  5:12  Probe  
  59  5:15  Assimilator  
  59  5:22  Adept x2  
  59  5:24  Adept  
  59  5:25  Pylon  
  65  5:28  Probe  
  65  5:30  Probe  
  65  5:35  Observer  
  67  5:36  Assimilator  
  67  5:40  Probe  
  67  5:42  Probe  
  70  5:45  Immortal  
  70  5:53  Probe  
  70  5:54  Probe  
  76  5:57  Pylon  
  74  6:08  Probe x2  
  74  6:10  Pylon  
  72  6:16  Immortal  
  66  6:31  Sentry x3, Charge  
  68  6:33  Gateway  
  68  6:36  Gateway  
  68  6:39  Gateway  
  68  6:41  Gateway  
  68  6:43  Gateway  
  68  6:55  Immortal  
  68  6:57  Zealot  
  68  6:58  Zealot  
  68  6:59  Zealot  
  78  7:05  Probe  
  78  7:06  Probe  
  80  7:11  Forge  
  80  7:17  Templar Archives  
  80  7:18  Probe  
  81  7:24  Warp Prism  
  81  7:33  Protoss Ground Weapons Level 1  
  81  7:35  Nexus  
  83  7:39  Pylon  
  83  7:42  Shield Battery  
  83  7:44  Observer  
  83  7:48  Zealot  
  83  7:50  Zealot  
  87  7:55  Zealot  
  89  7:58  High Templar x3  
  89  8:04  High Templar  
  97  8:08  Archon x2  
  97  8:11  Zealot  
  97  8:12  Zealot x2  
  103  8:15  Probe  
  103  8:16  Probe  
  105  8:20  Zealot  
  107  8:36  Pylon  
  107  8:38  Pylon  
  73  9:02  Zealot  
  73  9:03  Zealot x2  
  73  9:04  Zealot x5  
  61  9:27  High Templar x2  
  61  9:28  High Templar x2  
  51  9:31  Archon  
  51  9:32  Archon  
  31  9:47  Zealot  
  7  10:48  Sentry  
Tags
 
Add a new tag
Caveats
  • Supply blocks, unpowered buildings, or Contaminate may cause inaccurate times.
  • Supply counts are checked every 10 seconds.